 Dungeon Crawl Stone Soup version 0.32-a0-899-geb5ba95c15 (webtiles) character file.

Game seed: 13177527672020326115

114 Ajdolov the Cudgeller (level 4, -3/40 HPs)
             Began as an Armataur Monk on Apr 4, 2024.
             Slain by Grinder (6 damage)
             ... on level 3 of the Dungeon.
             The game lasted 00:03:31 (1542 turns).

Ajdolov the Cudgeller (Armataur Monk)               Turns: 1542, Time: 00:03:32

Health: -3/40      AC:  5    Str: 14    XL:     4   Next: 67%
Magic:  4/4        EV:  9    Int: 11    God:
Gold:   103        SH:  0    Dex: 12    Spells: 3/3 levels left

rFire   . . .        o - +11 hand axe "Hell-Harrower" {freeze, +Blink Str-4 SInv}
rCold   . . .        d - orb {light}
rNeg    . . .        b - +0 robe
rPois   .            h - +0 helmet
rElec   .            (no cloak)
rCorr   .            (no gloves)
SInv    +            (no barding)
Will    .....        (no amulet)
Stlth   +            (no ring)
HPRegen 0.26/turn    (no ring)
MPRegen 0.09/turn

%: roll
@: glowing
A: large, deformed body, tough skin 3, armoured tail, rollpage 1
a: Evoke Blink


You were on level 3 of the Dungeon.
You visited 1 branch of the dungeon, and saw 3 of its levels.

You collected 103 gold pieces.

Inventory:

Hand Weapons
 g - a +3 whip of pain
 o - the +11 hand axe "Hell-Harrower" (weapon) {freeze, +Blink Str-4 SInv}
   (You found it on level 2 of the Dungeon)

   Str-4:     It affects your strength (-4).
   SInv:      It lets you see invisible.
   +Blink:    It lets you blink.
Armour
 b - a +0 robe (worn)
 d - an orb of light (worn)
 h - a +0 helmet (worn)
Scrolls
 a - 3 scrolls of identify {unknown}
 e - a scroll of acquirement {unknown}
 f - a scroll of enchant armour {unknown}
 l - 2 scrolls of teleportation {unknown}
 m - a scroll of fear {unknown}
Potions
 c - a potion of ambrosia
 i - a potion of mutation {unknown}
 j - a potion of attraction {unknown}
 k - a potion of curing {unknown}
 n - a potion of cancellation {unknown}
 p - 2 potions of heal wounds {unknown}


   Skills:
 + Level 4.0 Fighting
 + Level 4.0 Maces & Flails
 - Level 2.1 Dodging


You had 3 spell levels left.
You didn't know any spells.
Your spell library contained the following spells:

 Spells                   Type           Power      Damage    Failure   Level
 Mercury Vapours          Alch/Air       0%         N/A       47%         2
 Fugue of the Fallen      Necr           0%         N/A       71%         3
 Mephitic Cloud           Conj/Alch/Air  0%         N/A       71%         3
 Ozocubu's Armour         Ice            0%         N/A       71%         3
 Freezing Cloud           Conj/Ice/Air   0%         6-21      100%        5
 Manifold Assault         Tloc           0%         N/A       100%        7


Dungeon Overview and Level Annotations

Branches:
Dungeon (3/15)

Altars:

Annotations:
D:3 Grinder


Innate Abilities, Weirdness & Mutations

Armour fits poorly on your strangely shaped body.
You have extremely tough skin. (AC +3)
You have a long armoured tail.
You regenerate magic when rolling toward enemies. (Rampage MPRegen)


Message History

You slash the gnoll! You freeze the gnoll.
You kill the gnoll!
You roll towards the gnoll!
You hit the gnoll. You freeze the gnoll.
The gnoll is moderately wounded.
The gnoll hits you with a +0 flail.
You hit the gnoll. You freeze the gnoll.
The gnoll is almost dead.
You hit the dart slug. You freeze the dart slug.
Grinder blinks!
The gnoll barely misses you. The dart slug closely misses you.
You slash the gnoll! You freeze the gnoll.
You kill the gnoll!
You slash the dart slug! You freeze the dart slug.
You kill the dart slug!
Grinder says, "There's only one good use for a tongue: cutting it out."
Your Fighting skill increases to level 4!
Your Maces & Flails skill increases to level 4!
Things that are here:
a +0 club; a gnoll corpse You roll towards Grinder!
You barely miss Grinder. Grinder hits you!
You writhe in agony.
You slash Grinder!
Grinder is moderately wounded.
Grinder gestures at you. Pain shoots through your body!
Unknown command.
You slash Grinder! You freeze Grinder. You tail-slap Grinder.
Grinder is heavily wounded.
Grinder hits you.
* * * LOW HITPOINT WARNING * * *
You writhe in agony.
* * * LOW HITPOINT WARNING * * *
Unknown command.
You hit Grinder.
Grinder is severely wounded.
Grinder says, "Are you a fish?" Grinder hits you.
* * * LOW HITPOINT WARNING * * *
You writhe in agony.
You die...
Grinder sighs, "Dead already?
I want a refund."

#.......# #......<#
###.......#
.........# .
#.....!.# ..
#....!..# ...
#....)..## . ....
♣♣♣♣5))...## ..
...♣♣.♣@♣......#...
♣.PP.♣♣♣........
♣..P♣♣....##..
♣P.P♣♣♣....# .
.#.♣.♣♣.♣♣♣...###..
♣...#♣ ♣♣P♣.........
......♣♣♣♣......##..
.♣ ................#
P.♣ #..............#


You could see Grinder.

Vanquished Creatures
  Natasha (D:2)
  3 gnolls (D:3)
  5 dart slugs
  A ribbon worm (D:2)
  3 ball pythons
  7 bats
  4 endoplasms (D:2)
  3 giant cockroaches (D:1)
  5 hobgoblins
  A quokka (D:2)
  3 frilled lizards
  2 goblins
  7 kobolds
  4 rats (D:1)
49 creatures vanquished.

Notes
Turn   | Place    | Note
-------+----------+-------------------------------------------
     0 | D:1      | Ajdolov the Armataur Monk began the quest for the Orb.
     0 | D:1      | Reached XP level 1. HP: 18/18 MP: 1/1
    58 | D:1      | Reached XP level 2. HP: 23/26 MP: 2/2
   462 | D:2      | Reached XP level 3. HP: 31/31 MP: 3/3
   489 | D:2      | Identified the +11 hand axe "Hell-Harrower" {freeze, +Blink
                  | Str-4 SInv}
   731 | D:2      | Noticed Natasha
   741 | D:2      | Killed Natasha
   904 | D:2      | Reached XP level 4. HP: 40/40 MP: 4/4
  1522 | D:3      | Noticed Grinder
  1542 | D:3      | Slain by Grinder

Illustrated notes

Levels and vault maps discovered:
D:1:      minmay_arrival_plants_in_alcoves, layout_rooms
D:2:      layout_loops_corners, minmay_misc_feat_pillars, minmay_tromino_i4,
          uniq_natasha
D:3:      layout_rooms, serial_forest, infiniplex_forest_pool,
          infiniplex_forest_straight_4, infiniplex_forest_straight_4,
          infiniplex_forest_end_2, infiniplex_forest_straight_5,
          infiniplex_forest_clump_curved, infiniplex_forest_zigzag_1,
          infiniplex_forest_split, infiniplex_forest_straight_2, uniq_grinder

Skill      XL: |  1  2  3  4 |
---------------+-------------+-----
Fighting       | 3 4 |  4.0
Maces & Flails | 3 4 |  4.0
Dodging        | |  2.1

Action                     |  1- 3 |  4- 6 || total
---------------------------+-------+-------++-------
  Melee: Mace              |    29 |       ||    29
         Tailslap          |     7 |     5 ||    12
         Whip              |    39 |    13 ||    52
         Hand axe          |       |    14 ||    14
 Armour: Robe              |    41 |    18 ||    59
  Dodge: Dodged            |    18 |    14 ||    32

Table legend: (Time is in decaauts)
 A = Elapsed time spent in this place.
 B = Non-inter-level travel time spent in this place.
 C = Inter-level travel time spent in this place.
 D = Time resting spent in this place.
 E = Time spent auto-exploring this place.
 F = Levels seen in this place.
 G = Mean time per level.
                   A        B        C        D        E       F      G
               +--------+--------+--------+--------+--------+-----+--------+
         Total |   1547 |   1511 |     36 |      0 |   1240 |   3 |  515.7 |
       Dungeon |   1547 |   1511 |     36 |      0 |   1240 |   3 |  515.7 |
               +--------+--------+--------+--------+--------+-----+--------+

Top non-repeatable levels by time:
     D:2: 1021 daAuts
     D:1: 439 daAuts
     D:3: 86 daAuts
